 Dungeon Crawl Stone Soup version 0.24.0-1-gfbc8707122 (webtiles) character file.

Game seed: 13546463531234853343, levelgen mode: deterministic

16 tsouns the Sneak (level 2, -1/26 HPs)
             Began as a Naga Assassin on Oct 28, 2019.
             Slain by a kobold (3 damage)
             ... on level 1 of the Dungeon.
             The game lasted 00:00:40 (169 turns).

tsouns the Sneak (Naga Assassin)                     Turns: 169, Time: 00:00:41

Health: -1/26      AC:  2    Str: 13    XL:     2   Next: 54%
Magic:  2/2        EV:  9    Int: 11    God:
Gold:   51         SH:  0    Dex: 12    Spells: 1/1 levels left

rFire    . . .     SeeInvis +   h - +0 hand axe
rCold    . . .     Gourm    .   (no shield)
rNeg     . . .     Faith    .   b - +0 robe
rPois    +         Spirit   .   (no helmet)
rElec    .         Reflect  .   c - +0 cloak
rCorr    .         Harm     .   (no gloves)
MR       .....                  (no barding)
Stlth    +++.......             (no amulet)
HPRegen  0.08/turn              (no ring)
MPRegen  0.08/turn              (no ring)

@: very slow
A: large, see invisible, deformed body, poison resistance, slowness 2, slow
metabolism 1, spit poison 1, AC +0
a: Spit Poison


You were on level 1 of the Dungeon.
You were not hungry.

You visited 1 branch of the dungeon, and saw 1 of its levels.

You collected 51 gold pieces.

Inventory:

Hand Weapons
 a - a +2 dagger
 h - a +0 hand axe (weapon)
Missiles
 d - 8 poisoned darts (quivered)
 e - 2 curare-tipped darts
Armour
 b - a +0 robe (worn)
 c - a +0 cloak (worn)
Scrolls
 g - 2 scrolls of identify {unknown}
Comestibles
 f - a ration


   Skills:
 + Level 2.2 Fighting
 - Level 2.0 Short Blades
 * Level 1.2 Axes
 - Level 1.7 Throwing
 - Level 0.7 Dodging
 + Level 6.1 Stealth


You had one spell level left.
You didn't know any spells.
Your spell library was empty.

Dungeon Overview and Level Annotations

Branches:
Dungeon (1/15)

Altars:


Innate Abilities, Weirdness & Mutations

You cannot wear boots.
Your serpentine skin is tough. (AC +0)
You have supernaturally acute eyesight. (SInv)
Armour fits poorly on your strangely shaped body.
Your system is resistant to poisons. (rPois)
You cover ground very slowly.
You have a slow metabolism.
You can spit poison.


Message History

You hit the kobold but do no damage. You hit the goblin.
You kill the goblin!
You barely miss the kobold. The kobold closely misses you.
The kobold hits you but does no damage.
You hit the kobold but do no damage. You hit the kobold.
You kill the kobold!
The kobold hits you.
You miss the kobold. The kobold misses you. The kobold barely misses you.
You closely miss the kobold. The kobold hits you.
* * * LOW HITPOINT WARNING * * *
You closely miss the kobold. The kobold hits you.
* * * LOW HITPOINT WARNING * * *
You hit the kobold.
The kobold is severely wounded.
The kobold hits you.
* * * LOW HITPOINT WARNING * * *
You closely miss the kobold.
The kobold is severely wounded.
The kobold hits you.
You die...

##>..##...........
####.#.#†#.#.#.#.#.#
. #.#..............
#.#..#.#.#.#.#.#.#
##.#......†.......
.?...#.#.#.#)#.#.
####..............
#.#.#.#.#.#.#.#.
#..K@†........
#..#.#.#.#.#.#.#.#
................ #.
#.#.#.#.#.#.# #
...........
..#.#.#.#.# ### .$..
#.#


You could see a kobold.

Vanquished Creatures
  An ooze (D:1)
  A ball python (D:1)
  2 giant cockroaches (D:1)
  A kobold (D:1)
  A bat (D:1)
  3 goblins (D:1)
  2 rats (D:1)
11 creatures vanquished.

Notes
Turn   | Place    | Note
-------+----------+-------------------------------------------
     0 | D:1      | tsouns the Naga Assassin began the quest for the Orb.
     0 | D:1      | Reached XP level 1. HP: 19/19 MP: 1/1
   139 | D:1      | Reached skill level 1 in Axes
   139 | D:1      | Reached skill level 6 in Stealth
   139 | D:1      | Reached XP level 2. HP: 25/26 MP: 2/2
   169 | D:1      | Slain by a kobold

Levels and vault maps discovered:
D:1:      psy_arrival_spokes, layout_basic, serial_forest,
          infiniplex_forest_clump_tiny, infiniplex_forest_straight_2,
          infiniplex_forest_clump_medium, infiniplex_forest_clump_tiny,
          infiniplex_forest_fountain, hex_large

Skill      XL: |  1 |
---------------+----+-----
Axes           | 1 |  1.2
Stealth        | 6 |  6.1
Fighting       | |  2.2
Short Blades   | |  2.0
Throwing       | |  1.7
Dodging        | |  0.7

Action                   || total
-------------------------++-------
Melee: Hand axe          ||    29
       Dagger            ||     2
 Stab: Sleeping          ||     2
Armor: Robe              ||    10
Dodge: Dodged            ||    14
